Map: Hard Lead LE

Players

Tinnzork

  • Race: Zerg Zerg
  • League: Diamond
  • Spawn Location: 11:00

SubN - Winner!

  • Race: Zerg Zerg
  • League: Diamond
  • Spawn Location: 5:00

VOD

Have the link to the VOD?

Description

Time

  • Played on: Dec. 18, 2023, 5:18 p.m.
  • Length: 10:22
Show
View Real Time Build Order
Export as new Build Order

Tinnzork Zerg 

Build Orders: Hatch First 

Get SALT Encoding   

  12  0:00  Drone  
  13  0:13  Overlord  
  13  0:17  Drone  
  14  0:31  Drone x2  
  14  0:35  Drone  
  17  0:55  Hatchery  
  16  1:09  Spawning Pool  
  15  1:12  Drone  
  16  1:20  Drone x2  
  16  1:21  Extractor  
  17  1:27  Drone  
  18  1:34  Drone  
  19  1:49  Overlord  
  19  1:58  Zergling x2, Queen  
  22  2:08  Queen  
  22  2:12  Zergling x2  
  22  2:13  Zergling x2  
  22  2:14  Spine Crawler  
  25  2:19  Zergling x2  
  25  2:20  Zergling x2  
  27  2:27  Metabolic Boost  
  27  2:48  Zergling x2  
  27  2:49  Zergling x8  
  31  3:20  Drone x4  
  31  3:27  Roach Warren  
  34  3:31  Overlord x2  
  34  3:46  Overlord  
  34  3:49  Drone x5  
  39  4:14  Hatchery  
  39  4:16  Drone  
  39  4:17  Drone x4  
  43  4:34  Drone  
  43  4:35  Drone x2  
  46  4:48  Overlord x2  
  46  4:49  Drone  
  46  4:52  Drone x2  
  48  4:57  Extractor  
  48  4:58  Lair, Extractor  
  46  5:07  Queen  
  48  5:22  Overlord x3  
  48  5:23  Evolution Chamber  
  48  5:24  Extractor  
  48  5:28  Queen  
  48  5:29  Drone  
  48  5:30  Drone x5  
  53  5:39  Roach x4  
  53  5:40  Roach  
  63  5:43  Queen  
  65  5:52  Roach x4  
  71  6:01  Roach x3  
  77  6:08  Roach x2  
  77  6:09  Roach  
  83  6:13  Zerg Missile Weapons Level 1  
  83  6:19  Evolution Chamber  
  82  6:28  Roach x4  
  82  6:29  Roach  
  92  6:41  Drone x4  
  92  6:42  Drone  
  92  6:46  Overlord  
  96  6:56  Zergling x8  
  96  6:57  Overlord  
  96  6:58  Overlord x2  
  89  7:09  Glial Reconstitution  
  89  7:11  Zergling x10  
  89  7:12  Zergling x4  
  96  7:19  Hydralisk Den  
  94  7:28  Overseer  
  88  7:40  Roach  
  88  7:41  Roach x3  
  87  7:46  Roach  
  87  7:47  Roach x7  
  91  8:00  Zergling x2  
  91  8:01  Zergling x14  
  83  8:13  Muscular Augments  
  83  8:14  Lurker Den  
  83  8:17  Extractor  
  83  8:18  Hydralisk x2, Extractor  
  83  8:19  Overlord  
  84  8:20  Zergling x2  
  82  8:44  Hydralisk  
  82  8:45  Hydralisk x4  
  90  8:52  Hydralisk  
  90  8:53  Overlord  
  76  9:18  Hydralisk x2  
  65  9:31  Drone  
  65  9:32  Drone x13  
  78  9:42  Zergling x4  
  80  9:51  Roach x3  
  74  9:55  Roach  
  74  9:56  Zergling x2  
Show
View Real Time Build Order
Export as new Build Order

SubN Zerg - Winner!

Build Orders: Pool First 

Get SALT Encoding   

  12  0:00  Drone  
  13  0:12  Overlord  
  13  0:16  Drone  
  14  0:30  Drone x2  
  14  0:34  Drone  
  17  0:36  Extractor  
  16  0:44  Drone  
  17  0:50  Spawning Pool  
  17  0:57  Drone  
  17  1:06  Drone  
  18  1:36  Queen  
  20  1:40  Hatchery  
  20  1:44  Zergling x2  
  20  1:45  Zergling x4  
  22  1:50  Metabolic Boost  
  22  1:57  Overlord  
  22  2:15  Drone, Queen  
  25  2:18  Drone  
  26  2:31  Drone  
  27  2:43  Drone  
  28  2:53  Queen  
  30  3:03  Drone x5  
  35  3:08  Lair  
  35  3:11  Drone  
  35  3:23  Overlord  
  35  3:26  Overlord  
  35  3:40  Roach Warren  
  34  3:43  Evolution Chamber  
  34  3:44  Evolution Chamber  
  32  3:53  Drone x2  
  32  3:54  Drone x5  
  39  3:59  Drone x2  
  41  4:03  Extractor  
  41  4:05  Drone x2  
  41  4:06  Drone  
  43  4:16  Zerg Missile Weapons Level 1  
  43  4:19  Drone x2  
  43  4:20  Drone x2  
  43  4:24  Extractor  
  46  4:30  Drone  
  46  4:31  Drone  
  48  4:39  Glial Reconstitution  
  48  4:43  Overlord x2  
  48  4:44  Overlord  
  48  4:47  Drone  
  49  5:00  Zerg Ground Armor Level 1  
  49  5:04  Drone  
  49  5:05  Drone x5  
  55  5:15  Roach  
  55  5:16  Roach x3  
  55  5:19  Hatchery  
  62  5:33  Extractor  
  62  5:35  Roach x5  
  71  5:36  Roach x2  
  75  6:03  Hatchery  
  75  6:04  Roach  
  76  6:05  Overlord  
  76  6:06  Overlord x4  
  76  6:07  Overseer  
  76  6:08  Overseer  
  76  6:12  Zerg Missile Weapons Level 2  
  76  6:22  Hydralisk Den  
  76  6:23  Drone  
  76  6:43  Drone x11  
  76  6:44  Drone  
  88  6:53  Roach  
  93  6:54  Roach x2  
  90  7:11  Hydralisk x5  
  90  7:12  Hydralisk x2  
  90  7:14  Zerg Ground Armor Level 2  
  104  7:19  Queen  
  106  7:28  Hydralisk x2  
  106  7:29  Hydralisk  
  98  7:47  Roach x4  
  98  7:48  Roach x5  
  94  8:12  Queen  
  96  8:23  Drone x3  
  96  8:24  Drone x5  
  96  8:25  Drone x2  
  96  8:26  Extractor  
  105  8:27  Extractor  
  104  8:37  Grooved Spines  
  100  8:42  Infestation Pit  
  100  8:44  Hatchery  
  100  8:45  Roach  
  100  8:46  Roach x9  
  112  8:55  Roach x2  
  112  8:56  Roach  
  112  9:02  Roach x3  
  109  9:20  Roach x7  
  121  9:43  Extractor  
  121  9:44  Hatchery  
  119  9:52  Hydralisk x6  
  111  9:53  Hydralisk  
Tags
 
Add a new tag
Caveats
  • Supply blocks, unpowered buildings, or Contaminate may cause inaccurate times.
  • Supply counts are checked every 10 seconds.